 Dungeon Crawl Stone Soup version 0.31.0-1-g2c135a008e (webtiles) character file.

Game seed: 1680924299529450154

166 qw the Shooter (level 5, -7/40 HPs)
             Began as a Djinni Hunter on Jan 23, 2024.
             Mangled by a river rat (9 damage)
             ... summoned by Eustachio
             ... on level 4 of the Dungeon.
             The game lasted 00:00:09 (2645 turns).

qw the Shooter (Djinni Hunter)                      Turns: 2645, Time: 00:00:10

Health: -7/40      AC:  3    Str: 10      XL:     5   Next: 76%
Gold:   180        EV: 13    Int: 10      God:
                   SH:  0    Dex: 18 (19)

rFire   + + .        a - +1 shortbow
rCold   x . .        (shield currently unavailable)
rNeg    . . .        c - +0 leather armour
rPois   inf          (helmet restricted)
rElec   .            (no cloak)
rCorr   .            (no gloves)
SInv    .            (boots unavailable)
Will    +....        (no amulet)
Stlth   ++           (no ring)
HPRegen 0.26/turn    (no ring)
MPRegen 0.00/turn

%: infuse magic (-8 HP)
@: flying
A: sickness immunity, fire resistance 2, cold vulnerability 1, float, innate
caster, HP casting, extra vitality 1, horns 1, strong-willed 1, inability to
drink after injury 1
a: no special abilities


You were on level 4 of the Dungeon.
You visited 1 branch of the dungeon, and saw 4 of its levels.

You collected 180 gold pieces.


Innate Abilities, Weirdness & Mutations

You are immune to sickness and miasma.
You are immune to poison.
Your flesh is very heat resistant. (rF++)
You are vulnerable to cold. (rC-)
You float through the air rather than walking.
You learn spells naturally, not from books.
Your magical power is your life essence.
You have superior vitality. (+4 MHP)
You have a pair of small horns on your head.
You are strong-willed. (Will+)
You occasionally lose the ability to drink potions when taking damage.


   Skills:
 - Level 3.1 Fighting
 + Level 4.6 Ranged Weapons
 - Level 3.2 Dodging
 - Level 0.7 Stealth


You knew the following spells:

 Your Spells              Type           Power      Damage    Failure   Level
a - Summon Small Mammal   Summ           0%         N/A       45%         1
b - Mercury Vapours       Alch/Air       0%         N/A       61%         2
Your spell library was empty.

Inventory:

Hand Weapons
 a - a +1 shortbow (weapon)
Armour
 c - a +0 leather armour (worn)
Wands
 d - a wand of polymorph (6)
Scrolls
 b - a scroll of poison {unknown}
Potions
 g - a potion of attraction {unknown}

Dungeon Overview and Level Annotations

Branches:
Dungeon (4/15)
 Temple: D:4-7

Altars:

Annotations:
D:2 1 runed translucent door, Crazy Yiuf
D:4 Eustachio


Message History

The bat's corpse disappears in a puff of smoke!
Eustachio barely misses you.
You shoot an arrow. The arrow hits Eustachio!
Eustachio is severely wounded.
Eustachio barely misses you. The river rat barely misses you.
Eustachio misses you.
You shoot an arrow. The arrow hits Eustachio.
Eustachio is almost dead.
The river rat bites you. Eustachio hits you with a +0 rapier.
The river rat misses you.
You shoot an arrow. The arrow closely misses Eustachio.
The arrow hits the river rat.
The river rat is severely wounded.
Eustachio hits you with a +0 rapier.
The river rat bites you but does no damage.
You shoot an arrow. The arrow closely misses Eustachio.
The arrow hits the river rat but does no damage.
The river rat is severely wounded.
Eustachio casts a spell.
The river rat barely misses you.
You shoot an arrow. The arrow misses Eustachio.
The arrow closely misses the river rat.
The river rat disappears in a puff of smoke!
Eustachio mumbles some strange words.
Eustachio blinks!
You shoot an arrow. The arrow barely misses the river rat.
The arrow hits the bat but does no damage.
The bat hits you but does no damage.
Eustachio casts a spell.
The river rat barely misses you.
You shoot an arrow.
The arrow completely misses the river rat.
The arrow hits the bat!
You kill the bat!
The bat's corpse disappears in a puff of smoke!
The bat misses you.
Eustachio mumbles some strange words.
Eustachio blinks!
The river rat barely misses you. The quasit bites you. The quasit claws you.
The quasit closely misses you. The river rat bites you!
You die...

....# ..### [...####...#
.##......#.# ...#####...##
#.......#...###
#.$.....###..r#####
#.......#####....r###### ###
#..............##5.#...##...
#.......######¤r@..........<
#.......# #####b.........
#.####### #.......... ..
#...@..>... !# ##.<....>..
##...##... #####


You could see Eustachio, a quasit (summoned), a river rat (summoned), a quokka
(summoned) and a bat (summoned).

Vanquished Creatures
  Jessica (D:2)
  4 gnolls
  3 adders (D:2)
  A ribbon worm (D:2)
  A dart slug (D:1)
  An orc (D:3)
  8 endoplasms
  3 giant cockroaches (D:1)
  8 hobgoblins
  2 jackals (D:1)
  6 kobolds
  3 quokkas (D:1)
  8 ball pythons
  3 bats
  3 frilled lizards
  6 goblins
  5 rats
66 creatures vanquished.

Notes
Turn   | Place    | Note
-------+----------+-------------------------------------------
     0 | D:1      | qw the Djinni Hunter began the quest for the Orb.
     0 | D:1      | Reached XP level 1. HP: 18/18 MP: 0/0
     0 | D:1      | 0 ||| qw: Version: 0.3-a-136-gdd3b4e8
     0 | D:1      | 0 ||| qw: Game counter: 1067
     0 | D:1      | 0 ||| qw: Melee chars always use a shield: true
     0 | D:1      | 0 ||| qw: God list: Okawaru
     0 | D:1      | 0 ||| qw: Allow faded altars: false
     0 | D:1      | 0 ||| qw: Do Orc after clearing Dungeon:15 true
     0 | D:1      | 0 ||| qw: Do second Lair branch before Depths: true
     0 | D:1      | 0 ||| qw: Lair rune preference: random
     0 | D:1      | 0 ||| qw: Goals: Normal
     0 | D:1      | 0 ||| PLANNING D:1-11
    79 | D:1      | Reached XP level 2. HP: 23/23 MP: 0/0
   196 | D:1      | Reached XP level 3. HP: 27/28 MP: 0/0
   196 | D:1      | Learned a level 1 spell: Summon Small Mammal
   198 | D:1      | Reached skill level 4 in Ranged Weapons
   635 | D:1      | 635 ||| READING scroll labelled BIN LISYXEYT.
   686 | D:1      | 686 ||| READING scroll labelled QOEMNI PIBOTHRENY.
   691 | D:1      | 691 ||| READING scroll labelled VEULAT HOUTARAU.
   792 | D:1      | 792 ||| READING scroll labelled FEEX KOBBUAV.
   793 | D:1      | 793 ||| DROPPING scroll of butterflies.
   892 | D:2      | Reached XP level 4. HP: 34/34 MP: 0/0
   899 | D:2      | Reached skill level 3 in Fighting
  1064 | D:2      | Noticed Jessica
  1069 | D:2      | Killed Jessica
  1070 | D:2      | Reached skill level 3 in Dodging
  1136 | D:2      | Reached XP level 5. HP: 36/40 MP: 0/0
  1136 | D:2      | Learned a level 2 spell: Mercury Vapours
  1180 | D:2      | Found a runed translucent door.
  1181 | D:2      | Noticed Crazy Yiuf
  1610 | D:2      | 1610 ||| READING scroll labelled QUXIOL EVELI.
  1610 | D:2      | 1610 ||| ENCHANTING +0 shortbow.
  1611 | D:2      | 1611 ||| READING scroll labelled CISIZIA KAYRE.
  1612 | D:2      | 1612 ||| READING scroll labelled WUHEEW HEAWOQ.
  1612 | D:2      | 1612 ||| IDENTIFYING yellow potion
  1613 | D:2      | 1613 ||| READING 3 scrolls labelled QISAEXZ JARATZ.
  1614 | D:2      | 1614 ||| READING scroll labelled JAEGUSS VIUV.
  1615 | D:2      | 1615 ||| READING 2 scrolls labelled HULAUS YGAOPH.
  1616 | D:2      | 1616 ||| DROPPING potion of degeneration.
  1617 | D:2      | 1617 ||| DROPPING 2 scrolls of fear.
  1618 | D:2      | 1618 ||| DROPPING scroll of amnesia.
  2512 | D:3      | 2512 ||| READING scroll of identify.
  2512 | D:3      | 2512 ||| IDENTIFYING glowing red potion
  2513 | D:3      | 2513 ||| DRINKING potion of mutation.
  2513 | D:3      | Gained mutation: You occasionally lose the ability to drink
                  | potions when taking damage. [potion of mutation]
  2513 | D:3      | Gained mutation: You have a pair of small horns on your
                  | head. [potion of mutation]
  2513 | D:3      | Gained mutation: You are strong-willed. (Will+) [potion of
                  | mutation]
  2600 | D:4      | Noticed Eustachio
  2604 | D:4      | 2604 ||| RETREEEEATING.
  2605 | D:4      | 2605 ||| RETREEEEATING.
  2606 | D:4      | 2606 ||| RETREEEEATING.
  2607 | D:4      | 2607 ||| RETREEEEATING.
  2608 | D:4      | 2608 ||| RETREEEEATING.
  2624 | D:4      | 2624 ||| FLEEEEING.
  2625 | D:4      | 2625 ||| FLEEEEING.
  2626 | D:4      | 2626 ||| FLEEEEING.
  2627 | D:4      | 2627 ||| FLEEEEING.
  2628 | D:4      | 2628 ||| FLEEEEING.
  2629 | D:4      | 2629 ||| FLEEEEING.
  2630 | D:4      | 2630 ||| FLEEEEING.
  2631 | D:4      | 2631 ||| FLEEEEING.
  2632 | D:4      | 2632 ||| FLEEEEING.
  2633 | D:4      | 2633 ||| FLEEEEING.
  2635 | D:4      | 2635 ||| RETREEEEATING.
  2640 | D:4      | HP: 10/40 [river rat[Eustachio] (6)]
  2641 | D:4      | HP: 4/40 [Eustachio/+0 rapier (4)]
  2645 | D:4      | Mangled by a river rat

Levels and vault maps discovered:
D:1:      denvon_arrival_planthouse, layout_loops_cross
D:2:      layout_loops_ring, uniq_jessica, uniq_crazy_yiuf_cottage
D:3:      layout_loops_ring, old_standard_altar, serial_rivers,
          chequers_serial_rivers_large_b, chequers_serial_rivers_small_3,
          chequers_serial_rivers_room_b, chequers_serial_rivers_small_3,
          chequers_serial_rivers_micro_b, chequers_serial_rivers_large_a
D:4:      layout_rooms, dreamdust_divine_triumvirate,
          mainiacjoe_overflow_cross_hatched, uniq_eustachio

Skill      XL: |  1  2  3  4 |
---------------+-------------+-----
Ranged Weapons | 4 |  4.6
Fighting       | 3 |  3.1
Dodging        | 3 |  3.2
Stealth        | |  0.7

Action                     |  1- 3 |  4- 6 || total
---------------------------+-------+-------++-------
   Fire: Shortbow          |    81 |   137 ||   218
    Use: Scroll            |     4 |     7 ||    11
         Potion            |       |     1 ||     1
 Armour: Leather armour    |    13 |    55 ||    68
  Dodge: Dodged            |    13 |    51 ||    64

Table legend:
 A = Non-vault XP
 B = Vault XP
 C = Vault XP percentage of total XP
 D = Non-vault monster count
 E = Vault monster count
 F = Vault count percentage of total count
                 A         B        C        D         E       F
            +---------+---------+-------+---------+---------+-------
      Total |     201 |      37 |  15.5 |      65 |       1 |   1.5
            +---------+---------+-------+---------+---------+-------
        D:1 |      62 |       0 |   0.0 |      29 |       0 |   0.0
        D:2 |      70 |      37 |  34.6 |      19 |       1 |   5.0
        D:3 |      67 |       0 |   0.0 |      16 |       0 |   0.0
        D:4 |       2 |       0 |   0.0 |       1 |       0 |   0.0
            +---------+---------+-------+---------+---------+-------
